[Event "Titled Tuesday Blitz November 29 Early 2022"]
[White "Principe, Gerson"]
[Black "Shipov, Sergei"]
[WhiteFideId "3804550"]
[BlackFideId "4113624"]
[WhiteElo "2280"]
[BlackElo "2800"]
[Result "0-1"]
[Round "04"]
[TimeControl "180+1"]
[Date "2022.11.30"]
[WhiteClock "0:00:34"]
[BlackClock "0:02:12"]

1. d4 d5 2. Nf3 e6 3. e3 Nf6 4. Be2 c5 5. O-O Nc6 6. b3 cxd4 7. exd4 g6 8. Bb2 Bg7 9. Nbd2 O-O 10. Ne5 Qb6 11. Nxc6 bxc6 12. c4 a5 13. Qc2 a4 14. Rfd1 Ba6 15. Bf3 Rfb8 16. Bc3 Nd7 17. c5 Qb5 18. Rab1 Qd3 19. Qxd3 Bxd3 20. Rbc1 axb3 21. axb3 e5 22. dxe5 Nxe5 23. Re1 f6 24. Bxe5 fxe5 25. Be2 Bf5 26. Ra1 e4 27. Rxa8 Rxa8 28. b4 Bc3 29. Rd1 Ra2 0-1


[Site "https://www.chess.com"]

[Event "Titled Tuesday Blitz November 29 Early 2022"]
[White "Prithu Gupta"]
[Black "Jaskolka, Tomasz"]
[WhiteFideId "46618546"]
[BlackFideId "1170791"]
[WhiteElo "2344"]
[BlackElo "2126"]
[Result "0-1"]
[Round "04"]
[TimeControl "180+1"]
[Date "2022.11.30"]
[WhiteClock "0:00:03"]
[BlackClock "0:00:50"]

1. c4 c6 2. Nf3 d5 3. e3 Nf6 4. d4 a6 5. c5 Bf5 6. Nc3 e6 7. Qb3 Ra7 8. Be2 Nbd7 9. O-O Be7 10. Na4 O-O 11. Nb6 Nxb6 12. cxb6 Ra8 13. Ne5 Nd7 14. Nxd7 Qxd7 15. Bd2 Rfc8 16. Rac1 c5 17. dxc5 Bxc5 18. Ba5 Qd6 19. Rc3 Rc6 20. Rfc1 Rac8 21. g4 Bg6 22. Bf3 d4 23. Bxc6 Rxc6 24. exd4 Qxd4 25. Rxc5 Rxc5 26. Rxc5 Qxc5 27. Qc3 Qf8 28. f3 h5 29. h4 hxg4 30. fxg4 Qd6 31. h5 Be4 32. Kf2 Qf4+ 33. Ke2 Qxg4+ 34. Ke3 Bc6 35. Qe5 f6 36. Qb8+ Kh7 37. Qf4 Qxh5 0-1


[Site "https://www.chess.com"]

[Event "Titled Tuesday Blitz November 29 Early 2022"]
[White "Ravot, Sylvain"]
[Black "Grigorov, Grigor"]
[WhiteFideId "627763"]
[BlackFideId "2907313"]
[WhiteElo "2195"]
[BlackElo "2510"]
[Result "0-1"]
[Round "04"]
[TimeControl "180+1"]
[Date "2022.11.30"]
[WhiteClock "0:00:23"]
[BlackClock "0:01:21"]

1. e4 c6 2. d4 d5 3. Nc3 dxe4 4. Nxe4 Nf6 5. Nxf6+ exf6 6. c3 Na6 7. Bd3 Nc7 8. Qc2 h5 9. Ne2 Bd6 10. Bf4 Nd5 11. Bxd6 Qxd6 12. O-O-O Kf8 13. Kb1 g6 14. a3 b5 15. c4 bxc4 16. Qxc4 Kg7 17. Rc1 Bd7 18. Qc5 Qb8 19. Nc3 Nf4 20. Be4 Ne6 21. Qc4 Qd6 22. Rhd1 Rab8 23. g3 Qxa3 24. Qa2 Qxa2+ 25. Nxa2 Rb6 26. Ka1 Rhb8 27. b4 Ng5 28. Bg2 f5 29. Rd2 Ne4 30. Rdc2 Ra8 31. Re1 a5 32. bxa5 Rxa5 33. Bxe4 fxe4 34. Rxe4 Bf5 35. Ree2 Bxc2 36. Rxc2 Ra4 37. Rd2 Kf6 38. f4 Ke6 0-1


[Site "https://www.chess.com"]

[Event "Titled Tuesday Blitz November 29 Early 2022"]
[White "Reprintsev, Alexander"]
[Black "Palacio,Igor Da Paz"]
[WhiteFideId "14100541"]
[BlackFideId "2121140"]
[WhiteElo "2230"]
[BlackElo "2126"]
[Result "1-0"]
[Round "04"]
[TimeControl "180+1"]
[Date "2022.11.30"]
[WhiteClock "0:01:27"]
[BlackClock "0:00:01"]

1. e4 d6 2. d4 Nf6 3. Nc3 g6 4. h4 h5 5. Nf3 Bg4 6. Be2 Nc6 7. d5 Nb8 8. Ng5 Bxe2 9. Qxe2 Nbd7 10. Be3 c6 11. O-O-O c5 12. f4 Ng4 13. e5 dxe5 14. fxe5 Ngxe5 15. Bxc5 Bg7 16. Bd4 O-O 17. Rhe1 Rc8 18. Nf3 Nxf3 19. gxf3 Bxd4 20. Rxd4 Re8 21. Re4 Kf8 22. d6 exd6 23. Rxe8+ Qxe8 24. Qd2 Qd8 25. Qxd6+ Kg8 26. Rd1 Rc7 27. Nd5 Qb8 28. Nxc7 1-0


[Site "https://www.chess.com"]

[Event "Titled Tuesday Blitz November 29 Early 2022"]
[White "Riehle, Marco"]
[Black "Mouhamad, Joachim"]
[WhiteFideId "12904392"]
[BlackFideId "656410"]
[WhiteElo "2462"]
[BlackElo "2164"]
[Result "1-0"]
[Round "04"]
[TimeControl "180+1"]
[Date "2022.11.30"]
[WhiteClock "0:02:12"]
[BlackClock "0:00:38"]

1. e4 c5 2. a3 g6 3. h4 Nf6 4. e5 Nd5 5. c4 Nc7 6. h5 Bg7 7. f4 Nc6 8. Nc3 d6 9. h6 Bf8 10. Nf3 Bg4 11. Be2 Qd7 12. d3 dxe5 13. fxe5 e6 14. Ne4 O-O-O 15. Nf6 Bxf3 16. Nxd7 Bxe2 17. Qxe2 Rxd7 18. Be3 Nxe5 19. O-O-O Nc6 20. Rhf1 f5 21. g4 Be7 22. Bf4 Nd4 23. Qe5 Rf8 24. Qg7 Bd6 25. Bxd6 Rxg7 26. hxg7 Rg8 27. Bf8 Ne8 28. b4 cxb4 29. axb4 Nxg7 30. Bc5 Nb3+ 31. Kb2 Nxc5 32. bxc5 fxg4 33. Rf7 h5 34. Ra1 a6 35. c6 bxc6 36. Rxa6 Kb8 37. Rb6+ Ka8 38. Rxc6 g3 39. Ra6+ Kb8 40. c5 g2 41. c6 Ne8 42. Rb7+ 1-0


[Site "https://www.chess.com"]

[Event "Titled Tuesday Blitz November 29 Early 2022"]
[White "Roque Sola, Gisela"]
[Black "Guzman, Christopher"]
[WhiteFideId "5120241"]
[BlackFideId "6405096"]
[WhiteElo "1961"]
[BlackElo "2272"]
[Result "1/2-1/2"]
[Round "04"]
[TimeControl "180+1"]
[Date "2022.11.30"]
[WhiteClock "0:00:23"]
[BlackClock "0:01:19"]

1. e4 c6 2. d4 d5 3. e5 Bf5 4. c4 e6 5. Nc3 Ne7 6. h4 h5 7. Bd3 Nd7 8. Nge2 dxc4 9. Bxc4 Nb6 10. Bd3 Ned5 11. Bxf5 exf5 12. Ng3 g6 13. Bg5 Be7 14. Bxe7 Qxe7 15. Qf3 O-O-O 16. Rc1 Kb8 17. Nge2 Rhe8 18. g3 f6 19. exf6 Nxf6 20. O-O Ne4 21. Nxe4 Qxe4 22. Qxe4 Rxe4 23. Nf4 Rdxd4 24. Rfd1 Rxf4 25. gxf4 Rxf4 26. Rd6 Rg4+ 27. Kf1 Kc7 28. Rcd1 Nd5 29. Re6 Rxh4 30. Rxg6 Kb6 31. Rg5 Nf4 32. Ke1 Rh1+ 33. Kd2 Rh2 34. Ke3 Nd5+ 35. Kf3 f4 36. Rdxd5 cxd5 37. Rxd5 Rh1 38. Kxf4 Kc6 39. Rg5 Rb1 40. b3 Rb2 41. f3 Rxa2 42. Rxh5 Rb2 43. Rh6+ Kb5 44. Rh7 Ka6 45. Ke5 Rxb3 46. f4 Rf3 47. f5 b5 48. f6 b4 49. f7 b3 50. Rh6+ Ka5 51. Rf6 Rxf6 52. Kxf6 b2 53. f8=Q b1=Q 54. Qc5+ Ka6 55. Qa3+ Kb7 56. Ke5 Qb5+ 57. Kd4 a5 58. Qe7+ Ka6 59. Qd6+ Ka7 60. Qc7+ Ka8 61. Qc8+ Ka7 62. Qc7+ Ka6 63. Qd6+ Kb7 64. Kc3 a4 65. Qe7+ Ka6 66. Qd6+ Ka5 67. Qc7+ Ka6 68. Qd6+ Kb7 69. Qe7+ Kc8 70. Qe6+ Kd8 71. Qd6+ Ke8 72. Qe6+ Kf8 73. Qf6+ Ke8 74. Qe6+ Kd8 75. Qd6+ Kc8 76. Qe6+ Kc7 77. Qe7+ Kc6 78. Qe8+ Kc5 79. Qxb5+ Kxb5 80. Kb2 Kb4 81. Ka1 a3 82. Ka2 Ka4 83. Ka1 Kb3 84. Kb1 a2+ 85. Ka1 Ka3 1/2-1/2


[Site "https://www.chess.com"]

[Event "Titled Tuesday Blitz November 29 Early 2022"]
[White "Rosen, Eric"]
[Black "Gurevich, Dmitry"]
[WhiteFideId "2032562"]
[BlackFideId "2000407"]
[WhiteElo "2362"]
[BlackElo "2506"]
[Result "1/2-1/2"]
[Round "04"]
[TimeControl "180+1"]
[Date "2022.11.30"]
[WhiteClock "0:00:02"]
[BlackClock "0:00:07"]

1. d4 Nf6 2. Bf4 c5 3. e3 g6 4. c3 b6 5. Qf3 Nc6 6. d5 Na5 7. b4 Nb7 8. e4 d6 9. Bb5+ Bd7 10. Bc6 Qc7 11. b5 a6 12. Na3 Bg7 13. Ne2 O-O 14. h3 axb5 15. Nxb5 Qc8 16. e5 dxe5 17. Bxe5 Ra5 18. a4 Nd8 19. Bxd7 Qxd7 20. c4 Nb7 21. O-O Rfa8 22. Qb3 Ne4 23. Bxg7 Kxg7 24. Rfe1 Nbd6 25. Nec3 Nxb5 26. Nxb5 Nf6 27. Re5 Kg8 28. Rae1 Rxa4 29. Rxe7 Qf5 30. Nd6 Qf4 31. Nxf7 Ra2 32. Qg3 Qxg3 33. fxg3 Rc2 34. Nh6+ Kh8 35. Rf1 Ng8 36. Nxg8 Kxg8 37. Rff7 Ra1+ 38. Kh2 Raa2 39. Rg7+ Kf8 40. Ref7+ Ke8 41. Re7+ Kf8 42. Rgf7+ Kg8 43. h4 Rxg2+ 44. Kh3 h5 45. Rg7+ Kf8 46. Ref7+ Ke8 47. Re7+ Kf8 48. Rgf7+ Kg8 49. Rg7+ Kf8 1/2-1/2


[Site "https://www.chess.com"]

[Event "Titled Tuesday Blitz November 29 Early 2022"]
[White "Rustemov, Alexander"]
[Black "Zivkovic, Nemanja"]
[WhiteFideId "4119002"]
[BlackFideId "942154"]
[WhiteElo "2876"]
[BlackElo "2372"]
[Result "0-1"]
[Round "04"]
[TimeControl "180+1"]
[Date "2022.11.30"]
[WhiteClock "0:00:07"]
[BlackClock "0:00:29"]

1. d4 Nf6 2. c4 e6 3. Nf3 b6 4. a3 Bb7 5. Nc3 d5 6. Bg5 Be7 7. Bxf6 Bxf6 8. cxd5 exd5 9. Qa4+ c6 10. g3 O-O 11. Rd1 Re8 12. Bg2 Nd7 13. O-O a5 14. Qc2 b5 15. Rfe1 Nb6 16. a4 b4 17. Na2 Qd6 18. Nc1 Bc8 19. Nd3 Bf5 20. b3 Nd7 21. Rc1 Rac8 22. Qd2 h6 23. Nc5 Nxc5 24. Rxc5 Bd8 25. e3 Bb6 26. Rcc1 g5 27. Ne5 f6 28. Nd3 Re7 29. Nc5 Rce8 30. Bf1 Kg7 31. Bd3 Bg4 32. Rc2 h5 33. Be2 Bf5 34. Bd3 Bg4 35. Rec1 Rc7 36. Be2 Bf5 37. Nd3 Rh8 38. Qd1 h4 39. Bg4 Bg6 40. Rd2 hxg3 41. hxg3 Be4 42. Bf3 Qe6 43. Ne1 Qh3 44. Rdc2 Qh1+ 0-1


[Site "https://www.chess.com"]

[Event "Titled Tuesday Blitz November 29 Early 2022"]
[White "Sadhwani, Raunak"]
[Black "Timofeev, Artyom"]
[WhiteFideId "35093487"]
[BlackFideId "4140419"]
[WhiteElo "2656"]
[BlackElo "2586"]
[Result "1-0"]
[Round "04"]
[TimeControl "180+1"]
[Date "2022.11.30"]
[WhiteClock "0:02:03"]
[BlackClock "0:01:46"]

1. e4 c5 2. Nf3 Nc6 3. Bb5 d6 4. O-O Bd7 5. Re1 a6 6. Bxc6 Bxc6 7. d4 cxd4 8. Nxd4 Rc8 9. c4 e6 10. Nc3 Be7 11. b3 Nf6 12. Bb2 O-O 13. Qd3 Qc7 14. Rad1 Rfd8 15. Qg3 Be8 16. Nd5 exd5 17. Nf5 Nh5 18. Qg4 g6 19. Nh6+ Kf8 20. exd5 Bf6 21. Bxf6 Nxf6 22. Qd4 1-0


[Site "https://www.chess.com"]

[Event "Titled Tuesday Blitz November 29 Early 2022"]
[White "Sadubayev, Airat"]
[Black "Buscar, Michael"]
[WhiteFideId "13713264"]
[BlackFideId "2603616"]
[WhiteElo "2160"]
[BlackElo "2010"]
[Result "1-0"]
[Round "04"]
[TimeControl "180+1"]
[Date "2022.11.30"]
[WhiteClock "0:00:09"]
[BlackClock "0:00:03"]

1. d4 d5 2. c4 e6 3. Nf3 c5 4. cxd5 exd5 5. e3 Nc6 6. Nc3 Nf6 7. Bb5 Be7 8. dxc5 Bxc5 9. O-O O-O 10. b3 Bd6 11. Bb2 Bc7 12. Rc1 Bg4 13. Be2 a6 14. Nh4 Qd6 15. g3 Bh3 16. Re1 Rad8 17. Nf3 Ng4 18. Nd4 Nce5 19. Qc2 Qh6 20. Nf5 Qh5 21. Nh4 Bb6 22. Qf5 g5 23. Na4 f6 24. Nxb6 Qe8 25. Nf3 Nxf2 26. Qb1 Neg4 27. Bd4 Qh5 28. Rc7 Rd6 29. Bc5 Rxb6 30. Bxb6 Bg2 31. Qxh7+ Qxh7 32. Rxh7 Kxh7 33. Kxg2 Ne4 34. h3 Nxe3+ 35. Bxe3 f5 36. Nxg5+ Nxg5 37. Bxg5 Rc8 38. Rc1 Rc2 39. Rxc2 1-0


[Site "https://www.chess.com"]

[Event "Titled Tuesday Blitz November 29 Early 2022"]
[White "Sagita, Catur Adi"]
[Black "Lauridsen, Jesper Morch"]
[WhiteFideId "7104618"]
[BlackFideId "1401890"]
[WhiteElo "2232"]
[BlackElo "2264"]
[Result "1-0"]
[Round "04"]
[TimeControl "180+1"]
[Date "2022.11.30"]
[WhiteClock "0:01:56"]
[BlackClock "0:00:58"]

1. d4 d5 2. c4 e6 3. Nc3 c5 4. cxd5 exd5 5. Nf3 Nc6 6. g3 Nf6 7. Bg2 cxd4 8. Nxd4 Bc5 9. Nb3 Bb6 10. O-O d4 11. Na4 O-O 12. Bg5 h6 13. Nxb6 axb6 14. Bxf6 Qxf6 15. Bxc6 bxc6 16. Qxd4 Qd8 17. Rfd1 Be6 18. Qc3 Qc7 19. Nd4 Bd5 20. Nf5 f6 21. Rxd5 Rae8 22. Rd2 c5 23. Rad1 Qe5 24. Qxe5 Rxe5 25. Ne3 Kh7 26. Nc4 Re6 27. a4 Rb8 28. e3 b5 29. axb5 Rxb5 30. Rd6 Re4 31. b3 Kg6 32. Kg2 h5 33. h3 h4 34. g4 Re7 35. R1d3 Kg5 36. Nd2 g6 37. Nf3+ Kh6 38. Rxf6 c4 39. bxc4 Rc5 40. Rdd6 Rg7 41. Nxh4 Kg5 42. Kg3 Rxc4 43. Rxg6+ Rxg6 44. Rxg6# 1-0


[Site "https://www.chess.com"]

[Event "Titled Tuesday Blitz November 29 Early 2022"]
[White "Sai Han Thiha"]
[Black "De Souza, Cristiano Gomes"]
[WhiteFideId "13012290"]
[BlackFideId "2151758"]
[WhiteElo "2023"]
[BlackElo "2068"]
[Result "1-0"]
[Round "04"]
[TimeControl "180+1"]
[Date "2022.11.30"]
[WhiteClock "0:00:07"]
[BlackClock "0:00:06"]

1. d4 Nf6 2. c4 g6 3. Nc3 Bg7 4. e4 d6 5. Nf3 O-O 6. Be2 e5 7. Be3 Ng4 8. Bg5 f6 9. Bc1 Nc6 10. O-O Nh6 11. c5 exd4 12. Nxd4 dxc5 13. Nxc6 bxc6 14. Bc4+ Kh8 15. Bf4 Qe7 16. Qa4 Bd7 17. Bxc7 Rfc8 18. Bf4 Ng4 19. Rad1 Ne5 20. Be2 Be8 21. Be3 Bf7 22. f4 Nd7 23. Qa3 Bf8 24. Rfe1 Nb6 25. Qa6 Rd8 26. b3 Rxd1 27. Rxd1 Qc7 28. Na4 Nxa4 29. Qxa4 Bd6 30. g3 Re8 31. Bf3 Kg7 32. Bf2 Re7 33. Kg2 Be8 34. Qa3 h5 35. h4 Rd7 36. Qa6 Bf7 37. Qd3 Be6 38. Qc3 Be7 39. Bxc5 Rxd1 40. Bxd1 Bxc5 41. Qxc5 Qd7 42. Qc2 Bh3+ 43. Kh2 Bg4 44. Bxg4 Qxg4 45. Qd3 g5 46. fxg5 fxg5 47. Qc3+ Kh7 48. hxg5 h4 49. gxh4 Qe2+ 50. Kh3 Qxe4 51. Qg3 Kg6 52. Qg4 Qh1+ 53. Kg3 Qg1+ 54. Kf4 Qc1+ 55. Ke5 Qc5+ 56. Ke6 Qd5+ 57. Ke7 Kg7 58. Qd7 Qe5+ 59. Kd8+ Kg6 60. Qe8+ Kf5 61. Qxe5+ Kxe5 62. g6 Kf6 63. h5 Kg7 64. Kc7 c5 65. Kb7 a5 66. Kb6 a4 67. Kxc5 1-0


[Site "https://www.chess.com"]

[Event "Titled Tuesday Blitz November 29 Early 2022"]
[White "Salman, Pavel"]
[Black "Grapsa, Georgia"]
[WhiteFideId "24153753"]
[BlackFideId "4206436"]
[WhiteElo "2187"]
[BlackElo "1877"]
[Result "1-0"]
[Round "04"]
[TimeControl "180+1"]
[Date "2022.11.30"]
[WhiteClock "0:01:16"]
[BlackClock "0:00:41"]

1. Nf3 d5 2. g3 c5 3. Bg2 Nc6 4. O-O e6 5. d3 Nf6 6. Nbd2 Be7 7. e4 b6 8. Re1 Bb7 9. c3 dxe4 10. dxe4 O-O 11. Qc2 Nd7 12. Nc4 e5 13. a4 f6 14. h4 Re8 15. Bd2 Qc7 16. Rad1 Nf8 17. h5 Rad8 18. Nh4 g6 19. hxg6 hxg6 20. Ne3 Nb8 21. Qb3+ Kg7 22. Nef5+ gxf5 23. Nxf5+ Kh8 24. Qf7 Bd6 25. Qxf6+ Kh7 26. g4 Re6 27. Qh4+ Kg8 28. Re3 Qh7 29. Qxd8 1-0


[Site "https://www.chess.com"]

[Event "Titled Tuesday Blitz November 29 Early 2022"]
[White "Samaganova, Aleksandra"]
[Black "Gabdrakhmanov, Azat"]
[WhiteFideId "13800221"]
[BlackFideId "34189197"]
[WhiteElo "1864"]
[BlackElo "2254"]
[Result "0-1"]
[Round "04"]
[TimeControl "180+1"]
[Date "2022.11.30"]
[WhiteClock "0:00:10"]
[BlackClock "0:00:08"]

1. c4 c5 2. Nc3 Nf6 3. Nf3 b6 4. e3 Bb7 5. d4 e6 6. d5 exd5 7. cxd5 d6 8. e4 Be7 9. Bd3 O-O 10. O-O Nbd7 11. h3 Re8 12. Bf4 Bf8 13. Re1 a6 14. a4 Ne5 15. Nxe5 dxe5 16. Bg5 h6 17. Bh4 Qd6 18. Qd2 Rac8 19. b3 Nh5 20. Ne2 Qg6 21. Rac1 Bd6 22. f3 Rc7 23. Bf2 Nf6 24. b4 cxb4 25. Rxc7 Bxc7 26. Qxb4 Nd7 27. Rc1 Bd6 28. Qb2 Nc5 29. Bc2 Bf8 30. Rb1 Nd7 31. Kh1 Rc8 32. Bd3 Bxd5 33. Bxa6 Ra8 34. Bb5 Be6 35. Nc3 Bc5 36. Bxd7 Bxd7 37. Bxc5 bxc5 38. Qb7 Bc6 39. Qb6 Bxa4 40. Nd5 Qxb6 41. Rxb6 Be8 42. Rc6 Bxc6 43. Ne7+ Kf8 44. Nxc6 Rc8 45. Nxe5 c4 46. Ng4 c3 47. Ne3 c2 48. Nxc2 Rxc2 49. Kh2 Rb2 50. h4 Ra2 51. h5 Ra5 0-1


[Site "https://www.chess.com"]

[Event "Titled Tuesday Blitz November 29 Early 2022"]
[White "Sarana, Alexey"]
[Black "Santos Ruiz, Miguel"]
[WhiteFideId "24133795"]
[BlackFideId "22291482"]
[WhiteElo "2708"]
[BlackElo "2503"]
[Result "0-1"]
[Round "04"]
[TimeControl "180+1"]
[Date "2022.11.30"]
[WhiteClock "0:00:02"]
[BlackClock "0:00:36"]

1. d4 Nf6 2. c4 e6 3. Nc3 Bb4 4. e3 O-O 5. Bd3 d5 6. a3 Bxc3+ 7. bxc3 dxc4 8. Bxc4 c5 9. Ne2 Qc7 10. Bd3 b6 11. e4 Bb7 12. f3 Nc6 13. O-O Rfd8 14. Be3 Rac8 15. Rc1 Na5 16. Ng3 h6 17. a4 Qd7 18. Kh1 cxd4 19. cxd4 Rxc1 20. Qxc1 Qxa4 21. Bxh6 gxh6 22. Qxh6 Qxd4 23. Bc2 Ba6 24. e5 Bxf1 25. Qg5+ Kf8 26. Qxf6 Bc4 27. h4 Nc6 28. f4 Qf2 29. Bg6 Rd1+ 30. Kh2 Nd8 31. Ne4 Qg1+ 32. Kg3 Bf1 33. Qh8+ Ke7 34. Qf6+ Kd7 0-1


[Site "https://www.chess.com"]

[Event "Titled Tuesday Blitz November 29 Early 2022"]
[White "Sargissyan, Sargis"]
[Black "Aung Thant Zin"]
[WhiteFideId "13303210"]
[BlackFideId "13000063"]
[WhiteElo "2109"]
[BlackElo "2278"]
[Result "1-0"]
[Round "04"]
[TimeControl "180+1"]
[Date "2022.11.30"]
[WhiteClock "0:01:28"]
[BlackClock "0:00:33"]

1. c4 e6 2. g3 d5 3. Bg2 Nf6 4. Nf3 Be7 5. O-O O-O 6. b3 c5 7. Bb2 Nc6 8. cxd5 Nxd5 9. Na3 Bf6 10. Qc1 b6 11. Nc4 Bb7 12. Nfe5 Rc8 13. e4 Ndb4 14. a3 Nxe5 15. Nxe5 Bxe5 16. axb4 Bxb2 17. Qxb2 a6 18. bxc5 Rxc5 19. d4 Rb5 20. Rac1 Rb4 21. Rfd1 a5 22. d5 exd5 23. exd5 Qd6 24. Qc3 Rc8 25. Qxc8+ Bxc8 26. Rxc8+ Qf8 27. Rxf8+ Kxf8 28. d6 Ke8 29. Bc6+ Kd8 30. Re1 1-0


[Site "https://www.chess.com"]

[Event "Titled Tuesday Blitz November 29 Early 2022"]
[White "Sellitti, Federico"]
[Black "Tarasova, Viktoriya"]
[WhiteFideId "821829"]
[BlackFideId "4175840"]
[WhiteElo "2593"]
[BlackElo "2182"]
[Result "1-0"]
[Round "04"]
[TimeControl "180+1"]
[Date "2022.11.30"]
[WhiteClock "0:00:07"]
[BlackClock "0:00:12"]

1. e4 e5 2. Nc3 Nf6 3. f4 d5 4. fxe5 Nxe4 5. Qf3 f5 6. d3 Nxc3 7. bxc3 d4 8. Qg3 Nc6 9. Be2 Be6 10. Nf3 Qd7 11. O-O O-O-O 12. cxd4 Nxd4 13. Nxd4 Qxd4+ 14. Be3 Qa4 15. Bf3 h6 16. Rab1 b6 17. Qf2 g5 18. g4 f4 19. Bxb6 axb6 20. Kh1 Bd5 21. c4 Bc5 22. Qg2 Bxf3 23. Qxf3 Rhe8 24. Rfe1 Be3 25. Rb5 Qa6 26. h4 Qb7 27. Rd5 c6 28. Rxd8+ Rxd8 29. Kh2 c5 30. Qe2 Bd4 31. e6 f3 32. Qf1 Qc7+ 33. Kh3 f2 34. Re4 Rf8 35. e7 Rf3+ 36. Kg2 Qg3+ 37. Kh1 Qh3+ 38. Qxh3 Rxh3+ 39. Kg2 Rg3+ 40. Kxg3 f1=Q 41. e8=Q+ Kb7 42. Re7+ Ka6 43. Qa8# 1-0


[Site "https://www.chess.com"]

[Event "Titled Tuesday Blitz November 29 Early 2022"]
[White "Shapiro, Daniel"]
[Black "Omariev, Maksim"]
[WhiteFideId "2001780"]
[BlackFideId "4193423"]
[WhiteElo "2315"]
[BlackElo "2431"]
[Result "1-0"]
[Round "04"]
[TimeControl "180+1"]
[Date "2022.11.30"]
[WhiteClock "0:00:31"]
[BlackClock "0:00:04"]

1. d4 d5 2. c4 e6 3. Nf3 Nf6 4. g3 Be7 5. Bg2 O-O 6. O-O dxc4 7. Ne5 Nc6 8. Bxc6 bxc6 9. Nxc6 Qd6 10. Nxe7+ Qxe7 11. Qa4 c5 12. Qxc4 cxd4 13. Qxd4 Rd8 14. Qh4 h6 15. Nc3 Bb7 16. Be3 e5 17. Rfd1 Qe6 18. Rac1 Rxd1+ 19. Rxd1 Qc6 20. f3 a5 21. Qa4 Qe6 22. Qb3 Qxb3 23. axb3 Bc6 24. Rd6 Bd7 25. Na4 Rb8 26. Nb6 Be6 27. Bd2 Ne8 28. Rc6 Bxb3 29. Bxa5 f5 30. Rc5 e4 31. Rxf5 Bd1 32. Kf2 exf3 33. exf3 Nd6 34. Rd5 Nb7 35. Bc3 Bb3 36. Rd7 Bf7 37. Nd5 Nc5 38. Rc7 Nd3+ 39. Ke3 Bxd5 40. Rxg7+ Kf8 41. Kxd3 Bxf3 42. Rh7 h5 43. Rh8+ 1-0


[Site "https://www.chess.com"]

[Event "Titled Tuesday Blitz November 29 Early 2022"]
[White "Sharifov, Mekhriddin"]
[Black "Mihailidis, Anastasios"]
[WhiteFideId "14701545"]
[BlackFideId "4205588"]
[WhiteElo "2109"]
[BlackElo "2312"]
[Result "1-0"]
[Round "04"]
[TimeControl "180+1"]
[Date "2022.11.30"]
[WhiteClock "0:00:08"]
[BlackClock "0:00:01"]

1. e4 c5 2. Nf3 d6 3. d4 cxd4 4. Nxd4 Nf6 5. Nc3 g6 6. Be3 Bg7 7. f3 O-O 8. Bc4 Nc6 9. Qd2 Nxd4 10. Bxd4 Be6 11. Bxe6 fxe6 12. O-O Qa5 13. a3 Rac8 14. Qf2 Nd7 15. Rad1 Bxd4 16. Qxd4 Qc5 17. Qxc5 Nxc5 18. Kf2 Rfd8 19. Rd2 Kf7 20. h4 e5 21. Rfd1 Ke6 22. Nd5 Na4 23. c3 Nc5 24. Ke2 Nb3 25. Rd3 Nc5 26. R3d2 Nb3 27. Rd3 Nc5 28. Re3 Na4 29. Rd2 Nc5 30. Kd1 Nb3 31. Rf2 Na5 32. Rd3 Nb3 33. Kc2 Na1+ 34. Kb1 Nb3 35. Rd1 a5 36. Ka2 Nc5 37. h5 g5 38. Ne3 b5 39. Nf5 Na6 40. Rd5 Nc7 41. Rd3 Na6 42. b4 a4 43. Ne3 Nc7 44. c4 bxc4 45. Nxc4 Nb5 46. Nb6 Rc3 47. Rfd2 Rxd3 48. Rxd3 Nd4 49. Nxa4 Rc8 50. Rd2 Rc1 51. Nb2 Rh1 52. a4 Rxh5 53. a5 Rh1 54. a6 Rc1 55. Rd3 Rc7 56. Ra3 Nc2 57. Ra4 Ra7 58. b5 Kd7 59. b6 Rxa6 60. Rxa6 Nb4+ 61. Kb3 Nxa6 62. Ka4 Kc6 63. Ka5 Nc5 64. Nc4 Kb7 65. Kb5 Nb3 66. Ne3 Nd4+ 67. Ka5 Nb3+ 68. Kb4 Nd4 69. Nc4 Kc6 70. Ka5 Nb3+ 71. Kb4 Nc5 72. Ne3 Na6+ 73. Kc4 Nc5 74. Nd5 e6 75. Nc7 Kxb6 76. Ne8 Kc6 77. Nf6 h6 78. Ng8 h5 79. Nf6 h4 80. Nh7 g4 81. fxg4 Nxe4 82. g5 1-0


[Site "https://www.chess.com"]

[Event "Titled Tuesday Blitz November 29 Early 2022"]
[White "Shimanov, Aleksandr"]
[Black "Oro, Faustino"]
[WhiteFideId "4198603"]
[BlackFideId "20000197"]
[WhiteElo "2605"]
[BlackElo "2066"]
[Result "1-0"]
[Round "04"]
[TimeControl "180+1"]
[Date "2022.11.30"]
[WhiteClock "0:01:17"]
[BlackClock "0:01:14"]

1. c4 Nf6 2. g3 e5 3. Bg2 c6 4. Nf3 e4 5. Nd4 d5 6. cxd5 Qxd5 7. e3 Bc5 8. Nc3 Qe5 9. d3 exd3 10. Qxd3 O-O 11. O-O Bg4 12. h3 Bh5 13. f4 Qc7 14. g4 Bxg4 15. hxg4 Nxg4 16. Qf5 Bxd4 17. exd4 Nf6 18. Be3 Nbd7 19. Rad1 Nb6 20. Bf2 Rad8 21. Rfe1 Nfd5 22. Nxd5 Nxd5 23. Bxd5 Rxd5 24. Re5 Rd6 25. Rde1 Rf6 26. Qe4 Qd6 27. b3 h6 28. f5 g6 29. Re3 g5 30. Bg3 Qb4 31. Re8 1-0


[Site "https://www.chess.com"]

[Event "Titled Tuesday Blitz November 29 Early 2022"]
[White "Stankovic, Ivan G"]
[Black "Vasques, Antonio Pedro Freixial"]
[WhiteFideId "902837"]
[BlackFideId "1908332"]
[WhiteElo "2226"]
[BlackElo "2243"]
[Result "1-0"]
[Round "04"]
[TimeControl "180+1"]
[Date "2022.11.30"]
[WhiteClock "0:00:05"]
[BlackClock "0:00:02"]

1. e4 c5 2. c4 Nc6 3. Nc3 g6 4. g3 Bg7 5. Bg2 Nf6 6. Nge2 O-O 7. d3 Ne8 8. Be3 d6 9. d4 cxd4 10. Nxd4 Bd7 11. O-O Nc7 12. b3 Nxd4 13. Bxd4 Bxd4 14. Qxd4 b5 15. e5 dxe5 16. Qxe5 Rb8 17. Nd5 Nxd5 18. cxd5 Re8 19. Rad1 Qb6 20. Rfe1 Qd6 21. h4 h5 22. Qe3 a5 23. Rc1 a4 24. Qa7 Ra8 25. Qe3 axb3 26. axb3 Ra2 27. Re2 Rxe2 28. Qxe2 Ra8 29. Re1 Kf8 30. Qe3 Ra2 31. Qh6+ Kg8 32. Qg5 Kf8 33. Qe3 Qa3 34. Qd4 Kg8 35. b4 e6 36. dxe6 Bxe6 37. Rxe6 fxe6 38. Qf6 Qb2 39. Qxe6+ Kg7 40. Qe7+ Kh8 41. Qf8+ Kh7 42. Bd5 Ra1+ 43. Kg2 Qg7 44. Qc5 Qd7 45. Bc6 Qd1 46. Qe7+ Kh6 47. Qe3+ Kh7 48. Kh2 Qg1+ 49. Kh3 Qf1+ 50. Bg2 Qc4 51. Qe7+ Kh6 52. Qg5+ Kg7 53. Qe5+ Kh6 54. Be4 Re1 55. Qf4+ Kh7 56. f3 Qc8+ 57. g4 hxg4+ 58. fxg4 Qc3+ 59. Bf3 Re3 60. Kg3 Qd3 61. Qf7+ Kh6 62. Qf8+ Kh7 63. Qf7+ Kh8 64. Qf8+ Kh7 65. Qf4 Qc3 66. h5 gxh5 67. gxh5 Rd3 68. Kh4 Qd4 69. Be4+ Kg8 70. Qg4+ Kf7 71. Bxd3 Qxd3 72. Qf4+ Ke6 73. Qg4+ Kd6 74. h6 Qh7 75. Qf4+ Kd5 76. Kh5 Qe7 77. Qg5+ Kc4 78. Qxe7 1-0


[Site "https://www.chess.com"]

[Event "Titled Tuesday Blitz November 29 Early 2022"]
[White "Sukandar, Irine Kharisma"]
[Black "Arabidze, Meri"]
[WhiteFideId "7101937"]
[BlackFideId "13604040"]
[WhiteElo "2301"]
[BlackElo "2403"]
[Result "0-1"]
[Round "04"]
[TimeControl "180+1"]
[Date "2022.11.30"]
[WhiteClock "0:00:02"]
[BlackClock "0:00:10"]

1. d4 f5 2. c4 e6 3. Nc3 Nf6 4. g3 Bb4 5. Bg2 O-O 6. Bd2 c5 7. Nf3 Nc6 8. dxc5 Bxc5 9. O-O b6 10. a3 Bb7 11. b4 Be7 12. Qc2 Rc8 13. Rfd1 a5 14. Nb5 axb4 15. axb4 Nxb4 16. Bxb4 Bxb4 17. Qb3 Bc5 18. Ra7 Bc6 19. Ne5 Bxg2 20. Kxg2 Ra8 21. Qa4 Rxa7 22. Qxa7 d6 23. Nc6 Qe8 24. Ne7+ Kh8 25. Nxd6 Qh5 26. f3 h6 27. Nc6 Kh7 28. Qe7 Ra8 29. Qxe6 Ra2 30. Nxf5 Qg5 31. Ncd4 Nh5 32. Qe4 Nf6 33. Qd3 Qg6 34. Qb1 Ra8 35. Qd3 Re8 36. e4 Nh5 37. Qd2 Rd8 0-1


[Site "https://www.chess.com"]